 Dungeon Crawl Stone Soup version 0.26.1-2-gb8aa6d0 (webtiles) character file.

Game seed: 7353126681023771955

1585 Geeful the Covert (level 8, -2/58 HPs)
             Began as an Octopode Delver on Mar 10, 2021.
             Was an Initiate of Vehumet.
             Killed from afar by an orc wizard (6 damage)
             ... with a magic dart
             ... on level 6 of the Dungeon.
             The game lasted 00:20:21 (5577 turns).

Geeful the Covert (Octopode Delver)                 Turns: 5577, Time: 00:20:22

Health: -2/58      AC:  5    Str: 11    XL:     8   Next: 92%
Magic:  11/11      EV: 17    Int: 14    God:    Vehumet [......]
Gold:   284        SH:  5    Dex: 17    Spells: 10/11 levels left

rFire    . . .     SeeInvis +   r - +6 whip of Degeskeece {freeze, rElec Dex+3 SInv}
rCold    + . .     Faith    .   B - +0 buckler
rNeg     . . .     Spirit   .   (helmet restricted)
rPois    .         Reflect  .   (no amulet)
rElec    +         Harm     .   g - +4 ring of protection (curse)
rCorr    .         Rampage  .   s - ring of protection from cold
Will     .....                  (no ring)
Stlth    +++++.....             (no ring)
HPRegen  0.19/turn              (no ring)
MPRegen  0.12/turn              (no ring)
                                (no ring)
                                (no ring)

@: slowed, very slow
A: almost no armour, stealthy swim, amphibious, 8 rings, constrict 8, camouflage
1, gelatinous body 1
a: Renounce Religion


You were on level 6 of the Dungeon.
You worshipped Vehumet.
Vehumet was noncommittal.
You visited 2 branches of the dungeon, and saw 7 of its levels.

You collected 284 gold pieces.

Inventory:

Hand Weapons
 a - a +1 short sword
 e - a +0 dagger of venom
 p - a +2 vorpal falchion
 r - the +6 whip of Degeskeece (weapon) {freeze, rElec Dex+3 SInv}
   (You found it on level 4 of the Dungeon)

   It has been specially enchanted to freeze those struck by it, causing extra
   injury to most foes and up to half again as much damage against particularly
   susceptible opponents.
   It can also slow down cold-blooded creatures.
   It affects your dexterity (+3).
   It insulates you from electricity.
   It lets you see invisible.
Missiles
 l - 21 poisoned darts (quivered)
 A - 4 datura-tipped darts
Armour
 B - a +0 buckler (worn)
Jewellery
 g - a cursed +4 ring of protection (left tentacle)
 s - a ring of protection from cold (right tentacle)
 t - an uncursed ring of ice
Wands
 f - a wand of digging (12)
 y - a wand of flame (19)
Scrolls
 b - 3 scrolls of fog
 c - 2 scrolls of magic mapping
 d - 2 scrolls of fear
 k - 5 scrolls of teleportation
 m - 2 scrolls of remove curse
 n - a scroll of enchant weapon
 v - 2 scrolls of enchant armour
 w - a scroll of identify
 C - 2 scrolls of amnesia
Potions
 h - 3 potions of flight
 j - 8 potions of curing
 o - 2 potions of ambrosia
 q - a potion of magic
 u - a potion of resistance
 x - a potion of brilliance
 z - a potion of might


   Skills:
 + Level 6.3 Fighting
 - Level 2.0 Short Blades
 + Level 5.8 Dodging
 - Level 9.7 Stealth
 - Level 4.0 Shields
 + Level 2.0 Spellcasting
 + Level 2.2 Conjurations


You had 10 spell levels left.
You knew the following spells:

 Your Spells              Type           Power        Failure   Level
a - Magic Dart            Conj           28%          10%         1

Your spell library contained the following spells:

 Spells                   Type           Power        Failure   Level
 Blink                    Tloc           N/A          34%         2
 Call Imp                 Summ           1%           34%         2
 Slow                     Hex            1%           34%         2
 Conjure Flame            Conj/Fire      4%           41%         3
 Mephitic Cloud           Conj/Pois/Air  3%           47%         3


Dungeon Overview and Level Annotations

Branches:
Dungeon (6/15)             Temple (1/1) D:6

Altars:
Cheibriados
Dithmenos
Elyvilon
Fedhas
Hepliaklqana
Kikubaaqudgha
Qazlal
Ru
Trog
Uskayaw
Vehumet
Wu Jian
Zin
The Shining One

Shops:
D:4 !

Annotations:
D:5 2 transporters, Skilfsilihog's ghost, amateur GnWn


Innate Abilities, Weirdness & Mutations

You cannot wear most types of armour.
You are very stealthy in the water. (Stealth+)
You are amphibious.
You can wear up to eight rings at the same time.
You can use your tentacles to constrict eight enemies at once.
Your skin changes colour to match your surroundings (Stealth+).
Your rubbery body absorbs attacks. (AC +1, EV +1)


Message History

The orc wizard hits you but does no damage.
You hit the orc warrior but do no damage.
You squeeze the orc warrior.
The orc warrior is heavily wounded.
You constrict the orc warrior!
The orc wizard hits you with a +0 dagger.
The orc warrior escapes!
The orc wizard gestures wildly while chanting.
The orc wizard blinks!
The orc warrior hits you with a +0 long sword!
* * * LOW HITPOINT WARNING * * *
Blink to where?
Press: ? - help, Dir - move target
As you read the scroll of blinking, it crumbles to dust.
Okay, then.
The orc wizard gestures wildly while chanting.
The orc wizard blinks!
The orc wizard casts a spell at you. The magic dart hits you.
You die...

#.# #..##.# #....(....####
#.###.)...# #.....###.#
####.....##### #..o#...#.#
#.(.....## ###(....##.#
##.#...#.# #.o.....+..#
...#.#.#.### #.##....####
.#.8.#.....# #.##....#
.......#.#.# #.###..##
.8.>.8.#.#)# #@# #..####
......##.#.#####.##......#
.#.8.#...#...............#
##.#.###########.##......#
)..#.# #)##......# #.##.#
#..)......# #)##.#
###########..#.# #.##.#
#(.......# # #.##.#
#........#


You could see an orc wizard (fast).

Vanquished Creatures
  Grinder (D:3)
  A sky beast (D:6)
  An orc warrior (D:5)
  An ogre (D:6)
  A centaur (D:6)
  2 scorpions
  5 wights (D:6)
  2 howler monkeys (D:6)
  A centaur zombie (D:6)
  A hound (D:5)
  7 orc wizards
  2 orc priests
  An iguana (D:6)
  4 worker ants
  A hound skeleton (D:5)
  8 adders
  A shadow imp (D:2)
  A white imp (D:5)
  2 ufetubi
  An adder skeleton (D:4)
  An adder zombie (D:6)
  3 worms
  2 dart slugs (D:1)
  4 leopard geckos
  16 orcs
  6 bats
  5 giant cockroaches
  3 goblins
  5 hobgoblins
  7 kobolds
  3 quokkas
  2 frilled lizards (D:2)
  2 leopard gecko zombies
  6 rats (D:1)
109 creatures vanquished.

Notes
Turn   | Place    | Note
-------+----------+-------------------------------------------
     0 | D:5      | Geeful the Octopode Delver began the quest for the Orb.
     0 | D:5      | Reached XP level 1. HP: 16/16 MP: 1/1
     4 | D:5      | Found a transporter.
     7 | D:5      | Noticed a hound
    29 | D:6      | Noticed an iguana
    30 | D:6      | Noticed a worker ant
    33 | D:6      | Killed an iguana
    34 | D:6      | Reached skill level 7 in Stealth
    34 | D:6      | Reached XP level 2. HP: 21/21 MP: 2/2
    34 | D:6      | Reached XP level 3. HP: 26/26 MP: 3/3
   220 | D:6      | Reached XP level 4. HP: 33/33 MP: 4/4
  1125 | D:1      | Reached XP level 5. HP: 37/37 MP: 5/5
  1842 | D:2      | You fall into a shaft and drop 1 floor!
  1842 | D:3      | Found a bloodstained altar of Trog.
  1915 | D:2      | Found an ornate altar of the Wu Jian Council.
  2043 | D:2      | Found a glowing silver altar of Zin.
  2043 | D:2      | Noticed an angel
  2336 | D:3      | Noticed Grinder
  2350 | D:3      | Killed Grinder
  2351 | D:3      | Reached skill level 8 in Stealth
  2351 | D:3      | Reached XP level 6. HP: 45/45 MP: 6/6
  2762 | D:4      | Found a stormy altar of Qazlal.
  2809 | D:4      | Found Oquclupp's Distillery.
  2821 | D:4      | Reached skill level 5 in Fighting
  2821 | D:4      | Reached XP level 7. HP: 50/50 MP: 7/7
  2855 | D:4      | Reached skill level 9 in Stealth
  3070 | D:4      | Found a white marble altar of Elyvilon.
  3101 | D:4      | Got a bone whip
  3103 | D:4      | Identified the +6 whip of Degeskeece {freeze, rElec Dex+3
                  | SInv} (You found it on level 4 of the Dungeon)
  3303 | D:4      | Found an ancient bone altar of Kikubaaqudgha.
  3799 | D:4      | Found a glowing golden altar of the Shining One.
  3908 | D:4      | Reached skill level 5 in Dodging
  4341 | D:5      | Found a transporter.
  4600 | D:5      | Learned a level 1 spell: Magic Dart
  4638 | D:5      | Noticed Skilfsilihog's ghost (amateur GnWn)
  4642 | D:5      | Reached XP level 8. HP: 57/57 MP: 8/8
  4855 | D:6      | Reached skill level 1 in Shields
  5069 | D:6      | Found a staircase to the Ecumenical Temple.
  5079 | Temple   | Entered the Ecumenical Temple
  5096 | Temple   | Became a worshipper of Vehumet
  5344 | D:6      | Found a glowing golden altar of the Shining One.
  5476 | D:6      | Reached skill level 1 in Conjurations
  5479 | D:6      | Reached skill level 1 in Spellcasting
  5568 | D:6      | HP: 1/58 [orc warrior/+0 long sword (17)]
  5577 | D:6      | Killed from afar by an orc wizard

Illustrated notes

Levels and vault maps discovered:
D:1:      roderic_octagonal_star, layout_basic
D:2:      layout_basic, nzn_wu_jian_council_hall, zin_angel,
          chequers_serial_rivers_room_b
D:3:      layout_loops_ring, lightli_temple_of_fire, uniq_grinder
D:4:      layout_basic, lemuel_doored_altar, elyvilon_altar_1,
          lemuel_coloured_pillars_altar, nicolae_overflow_crystal_walls,
          serial_shops, shop
D:5:      layout_basic, gammafunk_ghost_mausoleum
D:6:      layout_basic, minmay_temple_entry_statues_pillars,
          nicolae_tso_swordbearing_angel
Temple:   dshaligram_water_room_temple

Skill      XL: |  1  2  3  4  5  6  7  8 |
---------------+-------------------------+-----
Stealth        | 7 8 9 |  9.7
Dodging        | 3 4 5 |  5.8
Fighting       | 4 5 6 |  6.3
Shields        | 4 |  4.0
Conjurations   | 2 |  2.2
Spellcasting   | 2 |  2.0
Short Blades   | |  2.0

Action                   |  1- 3 |  4- 6 |  7- 9 || total
-------------------------+-------+-------+-------++-------
Melee: Short sword       |    10 |   101 |    17 ||   128
       Constrict         |     1 |    30 |    37 ||    68
       Tentacles         |     1 |    23 |    35 ||    59
       Whip              |       |       |   116 ||   116
Throw: Dart              |       |       |    30 ||    30
 Cast: Magic Dart        |       |       |     1 ||     1
Evoke: Wand              |       |     5 |       ||     5
  Use: Scroll            |       |    10 |     5 ||    15
       Potion            |       |     1 |     1 ||     2
 Stab: Sleeping          |     2 |    13 |    12 ||    27
       Paralysed         |       |     2 |       ||     2
Armor: Skin              |       |     7 |    13 ||    20
Dodge: Dodged            |     5 |    57 |    84 ||   146
Block: Buckler           |       |       |    11 ||    11
